 Dungeon Sprint DCSS version 0.31.0-12-g77e489cdc1 (webtiles) character file.

Game seed: 17235178993997274125

3054 CougarLife the Brawler (level 9, -2/151 HPs)
             Began as a Troll Gladiator on Feb 27, 2024.
             Was an Elder of Cheibriados.
             Slain by a white ugly thing (25 damage)
             ... in the Dungeon (Sprint IX: "|||||||||||||||||||||||||||||").
             The game lasted 00:01:24 (200 turns).

CougarLife the Brawler (Troll Gladiator)             Turns: 200, Time: 00:01:25

Health: -2/151     AC:  6    Str: 37    XL:     9   Next: 57%
Magic:  13/15      EV: 11    Int: 16    God:    Cheibriados [****..]
Gold:   0          SH:  0    Dex: 20    Spells: 8/8 levels left

rFire   . .          .
                       - Unarmed
rCold   . . .        (no shield)
rNeg    . . .        a - +0 robe
rPois   .            b - +0 hat
rElec   .            (no cloak)
rCorr   .            (gloves unavailable)
SInv    .            (boots unavailable)
Will    .....        (no amulet) Stlth
                     n - +3 ring of intelligence
HPRegen 1.25/turn    o - +2 ring of protection
MPRegen 0.14/turn

%: no teleportation
@: berserking (expiring), very slow
A: large, unfitting armour, claws 3, regeneration 1, shaggy fur 1, tough skin 1
a: Renounce Religion, Bend Time, Temporal Distortion, Slouch


You were in the Dungeon.
You worshipped Cheibriados.
Cheibriados was greatly pleased with you.
You visited 1 branch

Inventory:

Missiles
 c - 3 throwing nets (quivered)
 d - a large rock
Armour
 a - a +0 robe (worn)
 b - a +0 hat (worn)
Jewellery
 n - a +3 ring of intelligence (left claw)
 o - a +2 ring of protection (right claw)
Wands
 m - a wand of iceblast (10)
Scrolls
 j - 2 scrolls of blinking
 l - 2 scrolls of amnesia
Potions
 e - 5 potions of curing
 f - 2 potions of heal wounds
 g - a potion of haste
 h - 4 potions of magic
 k - a potion of invisibility


   Skills:
 + Level 9.9 Fighting
 - Level 1.7 Throwing
 - Level 2.4 Dodging
 * Level 16.2 Unarmed Combat
 + Level 9.5 Invocations


You had 8 spell levels left.
You didn't know any spells.
Your spell library was empty.

Dungeon Overview and Level Annotations

Branches:
Dungeon (1/1)

Altars:
Cheibriados
Dithmenos
Elyvilon
Fedhas
Gozag
Hepliaklqana
Kikubaaqudgha
Makhleb
Nemelex Xobeh
Okawaru
Qazlal
Ru
Sif Muna
Trog
Uskayaw
Vehumet
Wu Jian
Xom
Yredelemnul
Zin
The Shining One
Jiyva
Lugonu


Innate Abilities, Weirdness & Mutations

You are too large for most types of armour.
You have claws for hands.
Your natural rate of healing is unusually fast.
You are covered in fur. (AC +1)
You have tough skin. (AC +1)


Message History

The meliai invokes the aid of its god against you.
Something smites you!
* * * LOW HITPOINT WARNING * * *
You scratch the cyclops.
The cyclops is moderately wounded.
The cyclops hits you but does no damage.
You scratch the cyclops.
The cyclops is heavily wounded.
The meliai invokes the aid of its god against you.
Something smites you!
* * * LOW HITPOINT WARNING * * *
You barely miss the cyclops.
The cyclops is heavily wounded.
The cyclops closely misses you.
You claw the cyclops!
The cyclops is severely wounded.
You eviscerate the cyclops!!!
You kill the cyclops!
Your Invocations skill increases to level 9!
Okay, then.
You tear one of the seven-headed hydra's heads off!
The six-headed hydra grows two more!
You eviscerate the eight-headed hydra!!!
The eight-headed hydra is heavily wounded.
You claw one of the eight-headed hydra's heads off!
The seven-headed hydra grows two more!
You eviscerate the nine-headed hydra!!!
You kill the nine-headed hydra!
Cheibriados appreciates the change of pace.
Your Unarmed Combat skill increases to level 16!
Unknown command.
You barely miss the white ugly thing.
The meliai mumbles some strange prayers to its god against you.
Something smites you!
* * * LOW HITPOINT WARNING * * *
You claw the white ugly thing!
The white ugly thing is lightly wounded.
The white ugly thing gores you.
* * * LOW HITPOINT WARNING * * *
The white ugly thing freezes you!!
You die... ▓▓▓▓▓▓▓▓▓▓▓▓▓▓▓▓▓▓▓▓▓▓▓▓ '..).[[[..')....@uy..... ▓▓▓▓▓▓▓▓▓▓▓▓▓▓▓▓▓▓▓▓▓▓▓▓

You could see a white ugly thing and a meliai.

Vanquished Creatures
  A hydra (D)
  A boulder beetle (D)
  An ugly thing (D)
  A cyclops (D)
  A kobold demonologist (D)
  A hornet (D)
  A wyvern (D)
  2 yaks (D)
  A gnoll sergeant (D)
  A bombardier beetle (D)
  2 iguanas (D)
  A shadow imp (D)
  An orc (D)
  A bat (D)
  A giant cockroach (D)
  A goblin (D)
  A ball python (D)
  A kobold (D)
20 creatures vanquished.

Notes
Turn   | Place    | Note
-------+----------+-------------------------------------------
     0 | D        | CougarLife the Troll Gladiator began the quest for the Orb.
     0 | D        | Reached XP level 1. HP: 19/19 MP: 0/0
    15 | D        | Reached skill level 4 in Unarmed Combat
    19 | D        | Noticed a bombardier beetle
    19 | D        | Noticed an iguana
    19 | D        | Noticed an iguana
    22 | D        | Reached XP level 2. HP: 29/29 MP: 1/1
    27 | D        | Killed a bombardier beetle
    28 | D        | Reached skill level 6 in Unarmed Combat
    28 | D        | Reached XP level 3. HP: 37/37 MP: 2/2
    31 | D        | Reached skill level 7 in Unarmed Combat
    31 | D        | Reached XP level 4. HP: 48/48 MP: 3/3
    40 | D        | Found a snail-covered altar of Cheibriados.
    40 | D        | Found a shadowy altar of Dithmenos.
    40 | D        | Found a white marble altar of Elyvilon.
    40 | D        | Found a blossoming altar of Fedhas.
    40 | D        | Found an opulent altar of Gozag.
    41 | D        | Found a hazy altar of Hepliaklqana.
    42 | D        | Found a viscous altar of Jiyva.
    43 | D        | Found an ancient bone altar of Kikubaaqudgha.
    44 | D        | Found a corrupted altar of Lugonu.
    46 | D        | Became a worshipper of Cheibriados the Contemplative
    48 | D        | Found a burning altar of Makhleb.
    49 | D        | Found a sparkling altar of Nemelex Xobeh.
    50 | D        | Found an iron altar of Okawaru.
    51 | D        | Found a stormy altar of Qazlal.
    52 | D        | Found a sacrificial altar of Ru.
    53 | D        | Found a shimmering blue altar of Sif Muna.
    54 | D        | Found a bloodstained altar of Trog.
    55 | D        | Found a hide-covered altar of Uskayaw.
    56 | D        | Found a radiant altar of Vehumet.
    57 | D        | Found an ornate altar of the Wu Jian Council.
    58 | D        | Found a shimmering altar of Xom.
    59 | D        | Found a basalt altar of Yredelemnul.
    60 | D        | Found a glowing silver altar of Zin.
    61 | D        | Found a glowing golden altar of the Shining One.
    95 | D        | Noticed a gnoll sergeant
    95 | D        | Noticed a hornet
    95 | D        | Noticed a kobold demonologist
    95 | D        | Noticed a wyvern
    95 | D        | Noticed a yak
    95 | D        | Noticed a yak
    99 | D        | Killed a gnoll sergeant
   100 | D        | Reached skill level 5 in Fighting
   100 | D        | Reached skill level 8 in Unarmed Combat
   100 | D        | Reached XP level 5. HP: 47/57 MP: 3/5
   102 | D        | Noticed a soul eater
   103 | D        | Killed a hornet
   103 | D        | Reached * piety under Cheibriados
   104 | D        | Reached skill level 10 in Unarmed Combat
   104 | D        | Reached XP level 6. HP: 36/67 MP: 3/8
   105 | D        | Killed a kobold demonologist
   105 | D        | Reached ** piety under Cheibriados
   106 | D        | Reached skill level 12 in Unarmed Combat
   106 | D        | Reached skill level 5 in Invocations
   106 | D        | Reached XP level 7. HP: 42/78 MP: 3/10
   107 | D        | Killed a wyvern
   110 | D        | Killed a yak
   110 | D        | Reached *** piety under Cheibriados
   115 | D        | Killed a yak
   116 | D        | Reached skill level 13 in Unarmed Combat
   116 | D        | Reached XP level 8. HP: 23/88 MP: 4/12
   179 | D        | Noticed a white ugly thing
   179 | D        | Noticed a boulder beetle
   179 | D        | Noticed a cyclops
   179 | D        | Noticed a seven-headed hydra
   179 | D        | Noticed a meliai
   179 | D        | Noticed a white ugly thing
   185 | D        | Killed a white ugly thing
   186 | D        | Reached skill level 14 in Unarmed Combat
   190 | D        | Killed a boulder beetle
   190 | D        | Reached **** piety under Cheibriados
   191 | D        | Reached skill level 15 in Unarmed Combat
   191 | D        | Reached XP level 9. HP: 47/98 MP: 12/14
   196 | D        | Killed a cyclops
   198 | D        | Killed a nine-headed hydra
   199 | D        | Reached skill level 16 in Unarmed Combat
   200 | D        | Slain by a white ugly thing

Illustrated notes

Levels and vault maps discovered:
D:        linesprint [early_d, line_temple, items_1, d_10, items_2, lair_1,
          lair_end, items_3, orc_1, orc_end, items_4, d_15, swamp_1, shoals_1,
          snake_1, spider_1, d_20, vaults_1, items_5, swamp_end, shoals_end,
          snake_end, spider_end, vaults_end, d_27, items_6, zot_1, zot_end,
          crypt_end, forest_end, elf_end, slime_end, tomb_end, abyss_end,
          pan_hell_end]

Skill      XL: |  1  2  3  4  5  6  7  8  9 |
---------------+----------------------------+-----
Fighting       | 2 3 4 5 6 7 9 |  9.9
Unarmed Combat | 4 6 7 8 10 12 13 15 16 | 16.2
Invocations    | 2 4 5 7 8 9 |  9.5
Throwing       | |  1.7
Dodging        | |  2.4

Action                     |  1- 3 |  4- 6 |  7- 9 || total
---------------------------+-------+-------+-------++-------
  Melee: Unarmed           |    20 |    12 |    28 ||    60
         Punch             |       |     1 |     3 ||     4
    Use: Potion            |       |       |     2 ||     2
 Armour: Robe              |    13 |     6 |     9 ||    28
  Dodge: Dodged            |     5 |     7 |     6 ||    18
